 Dungeon Crawl Stone Soup version 0.28.0-53-g5a82cb258f (webtiles) character file.

Game seed: 12598142424076746767

1983 DocClef the Fighter (level 9, -5/93 HPs)
             Began as a Grey Draconian Fighter on June 15, 2022.
             Was a Follower of Okawaru.
             Slain by a vampire (7 damage)
             ... on level 6 of the Dungeon.
             The game lasted 00:06:54 (7403 turns).

DocClef the Fighter (Grey Draconian Fighter)        Turns: 7403, Time: 00:06:55

Health: -5/93      AC: 16    Str: 22    XL:     9   Next: 1%
Magic:  9/9        EV: 12    Int:  9    God:    Okawaru [*.....]
Gold:   384        SH:  4    Dex: 11    Spells: 8/8 levels left

rFire   . . .      SeeInvis .   a - +1 war axe
rCold   . . .      Faith    .   b - +0 buckler
rNeg    . . .      Spirit   .   (armour unavailable)
rPois   .          Reflect  .   (helmet restricted)
rElec   .          Harm     .   j - +0 cloak
rCorr   .          Rampage  .   n - +2 pair of gloves
Will    .....                   (no boots)
Stlth   +.........              (no amulet)
HPRegen 0.25/turn               (no ring)
MPRegen 0.11/turn               (no ring)

@: invisible
A: AC +12, amphibious, unfitting armour, cold-blooded
a: Renounce Religion, Heroism


You were on level 6 of the Dungeon.
You worshipped Okawaru.
Okawaru was aware of your devotion.
You visited 2 branches of the dungeon, and saw 9 of its levels.

You collected 384 gold pieces.

Inventory:

Hand Weapons
 a - a +1 war axe (weapon)
Armour
 b - a +0 buckler (worn)
 j - a +0 cloak (worn)
 n - a +2 pair of gloves (worn)
Wands
 e - a wand of mindburst (8)
Scrolls
 d - a scroll of fog
 f - 2 scrolls of enchant weapon
 g - 3 scrolls of identify
Potions
 c - 2 potions of might
 k - 2 potions of curing
 m - 2 potions of invisibility


   Skills:
 + Level 13.1 Fighting
 - Level 2.0 Axes
 - Level 2.6 Dodging
 - Level 3.0 Shields


You had 8 spell levels left.
You didn't know any spells.
Your spell library contained the following spells:

 Spells                   Type           Power      Damage    Failure   Level
 Apportation              Tloc           0%         N/A       47%         1
 Ozocubu's Armour         Ice            0%         N/A       85%         3
 Ozocubu's Refrigeration  Ice            0%         4d5       100%        7
 Animate Skeleton         Necr           Unusable   N/A       N/A         1
 Summon Small Mammal      Summ           Unusable   N/A       N/A         1

Dungeon Overview and Level Annotations

Branches:
Dungeon (8/15)             Temple (1/1) D:4
   Lair: D:8-11

Altars:
Ashenzari
Cheibriados
Dithmenos
Elyvilon
Fedhas
Gozag
Hepliaklqana
Kikubaaqudgha
Nemelex Xobeh
Okawaru
Qazlal
Ru
Sif Muna
Trog
Uskayaw
Vehumet
Wu Jian
Xom
Yredelemnul
Zin
The Shining One

Shops:
D:2 *   D:3 (   D:4 *


Innate Abilities, Weirdness & Mutations

Your dull iron-grey scales are very hard. (AC +12)
You are amphibious.
You cannot fit into any form of body armour.
You are cold-blooded and may be slowed by cold attacks.


Message History

Something hits you. Something bites you but does no damage.
You hit something. Something hits you but does no damage.
Something bites you but does no damage.
You hit something but do no damage. You block something's attack.
Something bites you but does no damage.
You hit something but do no damage. Something hits you.
Something bites you but does no damage. Something hits you!
* * * LOW HITPOINT WARNING * * *
Something bites you.
* * * LOW HITPOINT WARNING * * *
Something draws strength from your injuries!
You barely miss something.
Your tail-slap misses something.
Something hits you but does no damage. Something bites you!
* * * LOW HITPOINT WARNING * * *
Something draws strength from your injuries!
You barely miss something. You tail-slap something. Something hits you.
* * * LOW HITPOINT WARNING * * *
Something bites you but does no damage. Something hits you.
* * * LOW HITPOINT WARNING * * *
Something bites you.
* * * LOW HITPOINT WARNING * * *
Something draws strength from your injuries!
Unknown command.
It was a potion of heal wounds.
You feel much better. Something hits you.
* * * LOW HITPOINT WARNING * * *
Something bites you but does no damage.
It was a potion of invisibility.
You fade into invisibility!
Something hits you but does no damage. Something bites you.
* * * LOW HITPOINT WARNING * * *
Something draws strength from your injuries!
You barely miss something. Something hits you.
* * * LOW HITPOINT WARNING * * *
You block something's attack.
You miss something. Something hits you.
* * * LOW HITPOINT WARNING * * *
Something bites you but does no damage. Something hits you!
* * * LOW HITPOINT WARNING * * *
Something bites you!
You die...

.##...#...#.#.#
......#.....#.####.#
....#####...#.#.#..# .####.#
#...#.#.#..# .# #.# #.#.....#..#
.####.###.###.###..#
...................######
.###.#.##.###.####.#....#########
)###.#.##.......@{...............
.##..))######.####.#....#########
.###.#.............#.............
.###.#.#########.#.#.######.#####
...#.#................# #.....[..
.#.#.#.............#..# #.######.
.#.#.#.#########.###..# #.######.
.#.#.#.............#..# #........
.#.#.###########.#.#...#########.


There were no monsters in sight!

Vanquished Creatures
  2 centaur zombies
  A water moccasin (D:6)
  An ice beast (D:6)
  A necrophage (D:5)
  An ogre (D:5)
  A phantom (D:3)
  3 kobold brigands
  A bullfrog (D:4)
  2 scorpions
  A wyvern skeleton (D:5)
  A water moccasin skeleton (D:6)
  5 wights (D:6)
  3 bullfrog zombies
  A hound (D:4)
  2 jellies
  A centaur skeleton (D:5)
  2 iguanas
  3 orc wizards
  A hound skeleton (D:5)
  3 gnolls (D:5)
  2 adders
  An adder skeleton (D:4)
  2 worms
  4 dart slugs
  11 orcs
  A bat (D:1)
  6 endoplasms
  A giant cockroach (D:1)
  7 goblins
  2 hobgoblins (D:1)
  2 jackals (D:4)
  4 quokkas
  9 ball pythons
  4 frilled lizards
  24 kobolds
  6 rats
122 creatures vanquished.

Vanquished Creatures (others)
  2 plants (D:1)
2 creatures vanquished.

Grand Total: 124 creatures vanquished

Notes
Turn   | Place    | Note
-------+----------+-------------------------------------------
     0 | D:1      | DocClef the Draconian Fighter began the quest for the Orb.
     0 | D:1      | Reached XP level 1. HP: 19/19 MP: 1/1
   341 | D:1      | Reached skill level 4 in Fighting
   341 | D:1      | Reached XP level 2. HP: 24/27 MP: 2/2
   981 | D:2      | Found Noimmar's General Store.
  1347 | D:2      | Reached XP level 3. HP: 31/34 MP: 3/3
  1896 | D:3      | Noticed a phantom
  1899 | D:3      | Found Wuutaday's Weapon Shoppe.
  1910 | D:3      | Killed a phantom
  1911 | D:3      | Reached skill level 5 in Fighting
  1911 | D:3      | Reached XP level 4. HP: 11/44 MP: 4/4
  2153 | D:3      | Reached skill level 6 in Fighting
  2761 | D:4      | Reached XP level 5. HP: 37/51 MP: 5/5
  2919 | D:4      | Reached skill level 7 in Fighting
  3000 | D:4      | Found a staircase to the Ecumenical Temple.
  3034 | D:5      | Entered Level 5 of the Dungeon
  3124 | D:5      | Noticed a necrophage
  3135 | D:5      | Killed a necrophage
  3136 | D:5      | Reached XP level 6. HP: 54/61 MP: 6/6
  3214 | D:5      | Reached skill level 8 in Fighting
  3445 | D:5      | You fall into a shaft and drop 3 floors!
  4002 | D:7      | Reached skill level 9 in Fighting
  4002 | D:7      | Your scales start taking on a dull iron-grey colour.
  4002 | D:7      | Reached XP level 7. HP: 29/71 MP: 7/7
  4216 | D:7      | Reached skill level 10 in Fighting
  4479 | D:5      | Reached XP level 8. HP: 50/81 MP: 8/8
  4501 | Temple   | Entered the Ecumenical Temple
  4828 | Temple   | Became a worshipper of Warmaster Okawaru
  5173 | D:5      | Reached skill level 11 in Fighting
  6053 | D:4      | Reached * piety under Okawaru
  6054 | D:4      | Reached skill level 12 in Fighting
  6182 | D:4      | Found a snail-covered altar of Cheibriados.
  6182 | D:4      | Found a radiant altar of Vehumet.
  6416 | D:4      | Found Ylawi's General Store.
  6802 | D:6      | Found a glowing golden altar of the Shining One.
  6806 | D:6      | Found an ancient bone altar of Kikubaaqudgha.
  6806 | D:6      | Found a blossoming altar of Fedhas.
  7084 | D:6      | Reached skill level 13 in Fighting
  7111 | D:6      | Found an opulent altar of Gozag.
  7219 | D:6      | Reached XP level 9. HP: 71/93 MP: 9/9
  7403 | D:6      | HP: 2/93 [something (10)]
  7403 | D:6      | Slain by a vampire

Illustrated notes

Levels and vault maps discovered:
D:1:      wander_arrival_lonely_grave, layout_loops_cross,
          serial_bayou_lagoon_a, minmay_parallelograms
D:2:      layout_loops_corners, serial_shops, nicolae_shop_hallway_stairs
D:3:      layout_loops_ring, serial_shops, nicolae_shop_bloodbath_and_beyond
D:4:      cheibrodos_thug_alley, layout_cave_pools,
          gammafunk_temple_overflow_statue, minmay_temple_entry_from_below_a,
          serial_shops, nicolae_lakefront_shop, lemuel_old_faithful
D:5:      layout_layer_cave
D:6:      layout_basic, nicolae_overflow_quartered_altars,
          makhleb_altar_promises_db, serial_park_tiny_1,
          kennysheep_generic_room_5, uniq_duvessa
D:7:      minmay_chambers_of_sevens, layout_basic, hex_intersection,
          nicolae_benzene_ring
D:8:      layout_basic, minivault_11, hellmonk_guarded_unrand_staff_of_battle,
          uniq_psyche
Temple:   regret_index_temple_generic_petals

Skill      XL: |  1  2  3  4  5  6  7  8 |
---------------+-------------------------+-----
Fighting       | 4 5 6 7 9 10 13 | 13.1
Axes           | |  2.0
Dodging        | |  2.6
Shields        | |  3.0

Action                   |  1- 3 |  4- 6 |  7- 9 || total
-------------------------+-------+-------+-------++-------
Melee: War axe           |    72 |   117 |   234 ||   423
       Tailslap          |     6 |    18 |    28 ||    52
  Use: Scroll            |       |     5 |     4 ||     9
       Potion            |       |     2 |     3 ||     5
 Stab: Sleeping          |     1 |       |       ||     1
Armor: Skin              |    19 |    63 |   108 ||   190
Dodge: Dodged            |    50 |    86 |   148 ||   284
Block: Buckler           |    12 |    27 |    70 ||   109
